General information
- name: BNet
- type: Ladder team game (AT/RT)
- host: Battle.net
- saver: UR_ALL_NOOBS
map: Friends
- players: 8
- length: 27:29
- speed: Fast
- version: 1.26 W3XP
- replay type: Public
» download(173 KB)
Players
team 1 (loser)

»
llCaoCaoll (
orange | 73 APM | 1620 actions | 22:05)
4 Mountain King
2 Storm Bolt
2 Bash
3 Paladin
2 Holy Light
1 Divine Shield
» actions
| Assign group hotkey | 24 | |
| Basic commands | 87 | |
| Build / train | 83 | |
| ESC pressed | 2 | |
| Enter build submenu | 23 | |
| Enter hero's abilities submenu | 7 | |
| Right click | 378 | |
| Select / deselect | 325 | |
| Select group hotkey | 613 | |
| Use ability | 78 | |
1620 total
» units
| Peasant | 14 | |
| Footman | 21 | |
| Rifleman | 6 | |
| Flying Machine | 2 | |
| Mortar Team | 5 | |
| Siege Engine | 7 | |
| Archer | 2 | |
57 total
» upgrades
| Defend | 1 | |
| Swords | 1 | |
| Plating | 1 | |
| Flare | 1 | |
| Barrage | 1 | |
| Fragmentation Shards | 1 | |
| Armor | 1 | |
7 total
» buildings
| Altar of Kings | 1 | |
| Barracks | 2 | |
| Farm | 11 | |
| Blacksmith | 1 | |
| Arcane Vault | 1 | |
| Keep | 1 | |
| Lumber Mill | 1 | |
| Workshop | 3 | |
| Castle | 1 | |
22 total
» build order
00:06 Altar of Kings
00:08 Barracks
00:12 Farm
01:17 Farm
01:45 Barracks
02:01 Farm
02:28 Blacksmith
03:14 Farm
04:04 Arcane Vault
05:13 Farm
05:57 Keep
06:01 Farm
07:15 Lumber Mill
07:49 Farm
10:37 Workshop
10:40 Workshop
11:45 Workshop
11:47 Farm
11:49 Castle
12:58 Farm
17:00 Farm
19:22 Farm
» items
| Scroll of Regeneration | 2 | |
| Scroll of Town Portal | 3 | |
5 total

»
UR_ALL_NOOBS (
yellow | 56 APM | 1546 actions | 27:29)
7 Priestess of the Moon
3 Trueshot Aura
3 Searing Arrows
1 Starfall
5 Pit Lord
3 Howl of Terror
2 Cleaving Attack
» actions
| Assign group hotkey | 59 | |
| Basic commands | 89 | |
| Build / train | 84 | |
| Enter build submenu | 14 | |
| Enter hero's abilities submenu | 12 | |
| Right click | 625 | |
| Select / deselect | 354 | |
| Select group hotkey | 251 | |
| Use ability | 58 | |
1546 total
» units
| Wisp | 20 | |
| Archer | 8 | |
| Huntress | 6 | |
| Dryad | 16 | |
50 total
» upgrades
| Ultravision | 1 | |
| Sentinel | 1 | |
| Strength of the Wild | 3 | |
| Abolish Magic | 1 | |
| Reinforced Hides | 3 | |
| Well Spring | 1 | |
| Nature's Blessing | 1 | |
11 total
» buildings
| Altar of Elders | 1 | |
| Ancient of War | 1 | |
| Moon Well | 7 | |
| Ancient of Wonders | 1 | |
| Hunter's Hall | 1 | |
| Tree of Ages | 2 | |
| Ancient of Lore | 2 | |
| Tree of Eternity | 1 | |
16 total
» build order
00:06 Altar of Elders
00:09 Ancient of War
00:15 Moon Well
02:30 Moon Well
02:58 Ancient of Wonders
03:24 Moon Well
04:05 Hunter's Hall
04:45 Moon Well
05:48 Moon Well
05:56 Moon Well
06:27 Moon Well
06:45 Tree of Ages
09:37 Ancient of Lore
10:26 Ancient of Lore
13:25 Tree of Eternity
» items
| Scroll of Town Portal | 2 | |
| Potion of Healing | 3 | |
| Staff of Preservation | 1 | |
6 total
LISThusky (
red | 49 APM | 917 actions | 18:43)
3 Priestess of the Moon
2 Trueshot Aura
1 Searing Arrows
» actions
| Assign group hotkey | 24 | |
| Basic commands | 23 | |
| Build / train | 44 | |
| Enter build submenu | 19 | |
| Enter hero's abilities submenu | 3 | |
| Remove unit from queue | 1 | |
| Right click | 402 | |
| Select / deselect | 274 | |
| Select group hotkey | 105 | |
| Use ability | 22 | |
917 total
» units
» upgrades
| Strength of the Moon | 1 | |
| Moon Armor | 1 | |
2 total
» buildings
| Hunter's Hall | 1 | |
| Ancient of War | 2 | |
| Moon Well | 6 | |
| Altar of Elders | 1 | |
| Tree of Life | 1 | |
11 total
» build order
00:12 Hunter's Hall
00:27 Ancient of War
01:22 Moon Well
01:46 Altar of Elders
03:02 Moon Well
03:41 Moon Well
04:08 Ancient of War
06:50 Moon Well
07:17 Moon Well
09:58 Moon Well
15:13 Tree of Life

»
HCD4life (
pink | 42 APM | 888 actions | 21:22)
4 Archmage
2 Blizzard
2 Brilliance Aura
» actions
| Assign group hotkey | 20 | |
| Build / train | 82 | |
| ESC pressed | 1 | |
| Enter build submenu | 22 | |
| Enter hero's abilities submenu | 4 | |
| Remove unit from queue | 3 | |
| Right click | 238 | |
| Select / deselect | 235 | |
| Select group hotkey | 228 | |
| Use ability | 55 | |
888 total
» units
| Peasant | 13 | |
| Footman | 10 | |
| Forest Troll Shadow Priest | 1 | |
| Priest | 8 | |
| Sorceress | 5 | |
| Mortar Team | 2 | |
| Flying Machine | 21 | |
60 total
» upgrades
| Defend | 1 | |
| Magic Sentry | 0 | |
| Gunpowder | 2 | |
| Flak Cannons | 1 | |
| Plating | 1 | |
| Flying Machine Bombs | 1 | |
6 total
» buildings
| Altar of Kings | 1 | |
| Farm | 9 | |
| Scout Tower | 3 | |
| Barracks | 1 | |
| Arcane Tower | 1 | |
| Lumber Mill | 1 | |
| Guard Tower | 2 | |
| Arcane Vault | 1 | |
| Keep | 1 | |
| Arcane Sanctum | 1 | |
| Blacksmith | 1 | |
| Castle | 1 | |
| Workshop | 4 | |
27 total
» build order
00:27 Altar of Kings
00:41 Farm
00:54 Scout Tower
01:10 Farm
01:41 Barracks
01:53 Farm
02:11 Arcane Tower
02:19 Lumber Mill
02:34 Scout Tower
03:12 Farm
03:14 Guard Tower
03:56 Arcane Vault
04:02 Farm
04:04 Scout Tower
04:52 Keep
05:35 Guard Tower
06:36 Farm
07:17 Arcane Sanctum
07:39 Blacksmith
08:00 Farm
08:01 Farm
08:59 Castle
09:18 Workshop
09:19 Workshop
09:23 Workshop
09:23 Workshop
19:40 Farm
» items
| Scroll of Regeneration | 1 | |
| Lesser Clarity Potion | 1 | |
| Scroll of Town Portal | 1 | |
3 total
team 2 (winner)

»
SlowStarter (
green | 54 APM | 1472 actions | 27:29)
5 Death Knight
3 Death Coil
2 Unholy Aura
» actions
| Basic commands | 47 | |
| Build / train | 56 | |
| Enter build submenu | 24 | |
| Enter hero's abilities submenu | 5 | |
| Remove unit from queue | 6 | |
| Right click | 834 | |
| Select / deselect | 445 | |
| Use ability | 55 | |
1472 total
» units
| Acolyte | 13 | |
| Ghoul | 3 | |
| Crypt Fiend | 9 | |
| Forest Troll Shadow Priest | 1 | |
| Necromancer | 10 | |
36 total
» upgrades
| Web | 1 | |
| Necromancer Training | 1 | |
| Skeletal Longevity | 1 | |
| Unholy Armor | 1 | |
| Unholy Strength | 1 | |
5 total
» buildings
| Ziggurat | 10 | |
| Altar of Darkness | 1 | |
| Crypt | 2 | |
| Graveyard | 1 | |
| Tomb of Relics | 1 | |
| Nerubian Tower | 1 | |
| Necropolis | 1 | |
| Halls of the Dead | 1 | |
| Spirit Tower | 2 | |
| Temple of the Damned | 1 | |
21 total
» build order
00:12 Ziggurat
00:18 Altar of Darkness
00:36 Crypt
00:57 Graveyard
01:18 Tomb of Relics
01:36 Ziggurat
02:12 Nerubian Tower
02:35 Necropolis
03:21 Halls of the Dead
04:27 Ziggurat
05:36 Spirit Tower
05:38 Spirit Tower
06:52 Ziggurat
07:38 Ziggurat
08:21 Temple of the Damned
08:51 Ziggurat
09:09 Ziggurat
09:43 Ziggurat
12:21 Crypt
15:17 Ziggurat
15:21 Ziggurat
» items

»
sirmickjagger (
purple | 28 APM | 778 actions | 27:29)
5 Tauren Chieftain
3 War Stomp
2 Endurance Aura
2 Shadow Hunter
1 Healing Wave
1 Hex
» actions
| Assign group hotkey | 30 | |
| Build / train | 73 | |
| Enter build submenu | 21 | |
| Enter hero's abilities submenu | 7 | |
| Right click | 317 | |
| Select / deselect | 227 | |
| Select group hotkey | 25 | |
| Use ability | 78 | |
778 total
» units
| Peon | 10 | |
| Grunt | 11 | |
| Shaman | 9 | |
| Tauren | 6 | |
| Spirit Walker | 1 | |
37 total
» upgrades
| Berserker Strength | 1 | |
| Armor | 1 | |
| Melee Weapons | 1 | |
| Shaman Training | 2 | |
| Spiked Barricades | 1 | |
| Reinforced Defenses | 1 | |
7 total
» buildings
| Altar of Storms | 1 | |
| Orc Burrow | 9 | |
| Barracks | 1 | |
| War Mill | 1 | |
| Voodoo Lounge | 1 | |
| Stronghold | 1 | |
| Spirit Lodge | 1 | |
| Fortress | 1 | |
| Watch Tower | 6 | |
| Tauren Totem | 1 | |
23 total
» build order
00:11 Altar of Storms
00:14 Orc Burrow
01:20 Barracks
01:39 Orc Burrow
01:53 War Mill
02:11 Voodoo Lounge
03:31 Orc Burrow
04:25 Stronghold
07:00 Spirit Lodge
07:28 Fortress
07:58 Orc Burrow
10:17 Watch Tower
10:21 Watch Tower
10:26 Watch Tower
10:49 Watch Tower
12:02 Tauren Totem
12:55 Watch Tower
15:25 Orc Burrow
15:29 Orc Burrow
16:45 Watch Tower
18:14 Orc Burrow
21:39 Orc Burrow
21:42 Orc Burrow
» items
| Rod of Necromancy | 2 | |
| Lesser Clarity Potion | 5 | |
| Potion of Healing | 1 | |
| Scroll of Town Portal | 3 | |
| Orb of Lightning | 2 | |
| Scroll of Speed | 2 | |
| Healing Salve | 3 | |
18 total
TeFLoNDoN (
blue | 38 APM | 1042 actions | 27:29)
7 Death Knight
3 Death Coil
3 Unholy Aura
1 Animate Dead
5 Dreadlord
2 Sleep
3 Vampiric Aura
» actions
| Assign group hotkey | 20 | |
| Basic commands | 9 | |
| Build / train | 61 | |
| Enter build submenu | 19 | |
| Enter hero's abilities submenu | 12 | |
| Right click | 359 | |
| Select / deselect | 194 | |
| Select group hotkey | 321 | |
| Use ability | 47 | |
1042 total
» units
| Acolyte | 9 | |
| Ghoul | 6 | |
| Crypt Fiend | 4 | |
| Frost Wyrm | 10 | |
| Goblin Zeppelin | 1 | |
30 total
» upgrades
| Web | 1 | |
| Creature Attack | 3 | |
| Creature Carapace | 3 | |
| Freezing Breath | 1 | |
8 total
» buildings
| Crypt | 1 | |
| Ziggurat | 10 | |
| Altar of Darkness | 1 | |
| Graveyard | 1 | |
| Nerubian Tower | 1 | |
| Halls of the Dead | 1 | |
| Spirit Tower | 2 | |
| Black Citadel | 1 | |
| Sacrificial Pit | 1 | |
| Tomb of Relics | 1 | |
| Boneyard | 2 | |
22 total
» build order
00:21 Crypt
00:31 Ziggurat
00:37 Altar of Darkness
01:11 Graveyard
01:17 Ziggurat
02:18 Nerubian Tower
02:48 Halls of the Dead
04:06 Ziggurat
05:14 Spirit Tower
05:16 Spirit Tower
06:26 Black Citadel
06:32 Sacrificial Pit
06:35 Ziggurat
07:17 Tomb of Relics
08:49 Boneyard
08:52 Boneyard
08:55 Ziggurat
08:59 Ziggurat
09:02 Ziggurat
21:37 Ziggurat
21:38 Ziggurat
21:39 Ziggurat
» items
| Potion of Healing | 2 | |
| Scroll of Town Portal | 1 | |
3 total

»
puzzlepie (
teal | 49 APM | 1336 actions | 27:29)
5 Shadow Hunter
3 Serpent Ward
2 Healing Wave
» actions
| Assign group hotkey | 50 | |
| Basic commands | 65 | |
| Build / train | 89 | |
| Enter build submenu | 16 | |
| Enter hero's abilities submenu | 6 | |
| Remove unit from queue | 3 | |
| Right click | 577 | |
| Select / deselect | 370 | |
| Select group hotkey | 104 | |
| Use ability | 56 | |
1336 total
» units
| Peon | 7 | |
| Troll Headhunter/Berserker | 26 | |
| Wind Rider | 11 | |
| Troll Batrider | 24 | |
68 total
» upgrades
| Ranged Weapons | 3 | |
| Armor | 2 | |
| Troll Regeneration | 1 | |
| Berserker Upgrade | 1 | |
| Envenomed Spears | 1 | |
| Liquid Fire | 1 | |
9 total
» buildings
| Altar of Storms | 1 | |
| Orc Burrow | 7 | |
| War Mill | 1 | |
| Barracks | 1 | |
| Stronghold | 1 | |
| Beastiary | 1 | |
| Fortress | 1 | |
| Voodoo Lounge | 1 | |
14 total
» build order
00:08 Altar of Storms
00:12 Orc Burrow
01:40 War Mill
02:05 Barracks
02:08 Orc Burrow
04:11 Stronghold
04:59 Orc Burrow
07:21 Beastiary
07:28 Orc Burrow
10:19 Fortress
12:35 Orc Burrow
12:51 Orc Burrow
13:58 Orc Burrow
14:46 Voodoo Lounge
» items
Chat log
(00:35 / All) sirmickjagger: I learned a lesson about picking up girls tonight
(00:40 / All) UR_ALL_NOOBS: So did i
(00:53 / All) sirmickjagger: DO NOT talk to two girls at the same time
(01:10 / All) llCaoCaoll: shutup pencil dick
(01:19 / All) UR_ALL_NOOBS: lol
(01:23 / All) sirmickjagger: suck my balls
(01:25 / Allies) HCD4life: units?
(01:31 / Allies) llCaoCaoll: rush these nubs
(03:45 / Allies) llCaoCaoll: rdy?
(03:51 / Allies) LISThusky: me almost
(04:21 / Allies) llCaoCaoll: 1 hunt
(04:57 / All) UR_ALL_NOOBS: D
(04:57 / All) UR_ALL_NOOBS: D
(04:58 / All) UR_ALL_NOOBS: D
(06:08 / Allies) llCaoCaoll: b
(06:33 / Allies) llCaoCaoll: we lost
(06:36 / Allies) UR_ALL_NOOBS: why
(06:39 / Allies) UR_ALL_NOOBS: do you say that
(06:49 / Allies) UR_ALL_NOOBS: so
(06:53 / Allies) UR_ALL_NOOBS: you had to withdraw from 1 battle
(06:56 / Allies) UR_ALL_NOOBS: at least you didn't lose everything
(07:05 / Allies) UR_ALL_NOOBS: here
(07:08 / Allies) UR_ALL_NOOBS: i'l help you fight them
(09:22 / All) sirmickjagger: noob team
(09:56 / Allies) llCaoCaoll: kill greeen
(10:14 / Allies) llCaoCaoll: red help
(12:00 / Allies) llCaoCaoll: wtf back
(12:04 / Allies) llCaoCaoll: we need aa
(12:05 / Allies) llCaoCaoll: man
(12:08 / Allies) UR_ALL_NOOBS: makin dryads
(12:12 / Allies) llCaoCaoll: its too late
(12:13 / Allies) HCD4life: copters
(13:34 / Allies) llCaoCaoll: wow
(13:38 / Allies) UR_ALL_NOOBS: mia save uuu
(13:42 / Allies) llCaoCaoll: no aa
(13:50 / Allies) UR_ALL_NOOBS: fuk creeps attack me
(16:04 / Allies) llCaoCaoll: wtf
(16:14 / Allies) UR_ALL_NOOBS: yeahyeah beat them
(17:19 / Allies) UR_ALL_NOOBS: why did no one attack with me
(17:30 / Allies) UR_ALL_NOOBS: \also
(17:33 / Allies) UR_ALL_NOOBS: red and oj
(17:35 / Allies) UR_ALL_NOOBS: why you have no shop
(17:36 / Allies) UR_ALL_NOOBS: huh?
(17:40 / Allies) llCaoCaoll: shop
(17:44 / Allies) UR_ALL_NOOBS: oh
(17:49 / Allies) LISThusky: umm
(17:49 / Allies) UR_ALL_NOOBS: it's so hard to access from there
(17:50 / Allies) UR_ALL_NOOBS: like wtf
(17:54 / Allies) llCaoCaoll: s
(17:59 / Allies) llCaoCaoll: stfu
(18:17 / Allies) UR_ALL_NOOBS: hey i'm a child of divorce gimmie a break
(18:39 / All) llCaoCaoll: d
(19:14 / All) UR_ALL_NOOBS: why did red leave
(20:28 / Allies) llCaoCaoll: gg
(20:50 / Allies) llCaoCaoll: too many noobs
(21:15 / All) UR_ALL_NOOBS: if I could /stats you oj
(21:18 / All) UR_ALL_NOOBS: I'd make fun of your stats
(23:31 / All) UR_ALL_NOOBS: that's right run u bithc
(23:43 / All) sirmickjagger: the game is over
(23:47 / All) UR_ALL_NOOBS: Says y
(23:49 / All) sirmickjagger: and you lost
(23:49 / All) UR_ALL_NOOBS: ou
(24:01 / All) sirmickjagger: yup
(24:01 / All) UR_ALL_NOOBS: i only lost
(24:03 / All) sirmickjagger: says me
(24:04 / All) UR_ALL_NOOBS: because My allies suck
(24:09 / All) UR_ALL_NOOBS: I`m fuckin drunk as all hell
(24:12 / All) UR_ALL_NOOBS: and i still am better than them
(26:31 / All) UR_ALL_NOOBS: k gg
(26:34 / All) UR_ALL_NOOBS: terrible allies etc
(27:15 / All) UR_ALL_NOOBS: im gonna get u grene
(27:27 / All) UR_ALL_NOOBS: or not
(27:28 / All) UR_ALL_NOOBS: gg